 Dungeon Crawl Stone Soup version 0.28.0-53-g5a82cb258f (webtiles) character file.

Game seed: 9178860466377698890

24 Peloso the Skirmisher (level 2, 27/27 HPs)
             Began as a Minotaur Fighter on June 1, 2022.
             Got out of the dungeon alive.
             The game lasted 00:01:16 (1279 turns).

Peloso the Skirmisher (Minotaur Fighter)            Turns: 1279, Time: 00:01:17

Health: 27/27      AC:  7    Str: 20    XL:     2   Next: 79%
Magic:  1/1        EV:  9    Int:  5    God:
Gold:   38         SH:  4    Dex:  9    Spells: 1/1 levels left

rFire   . . .      SeeInvis .   a - +0 long sword
rCold   . . .      Faith    .   c - +0 buckler
rNeg    . . .      Spirit   .   b - +0 scale mail
rPois   .          Reflect  .   (helmet restricted)
rElec   .          Harm     .   (no cloak)
rCorr   .          Rampage  .   (no gloves)
Will    .....                   (no boots)
Stlth   ..........              (no amulet)
HPRegen 0.09/turn               (no ring)
MPRegen 0.07/turn               (no ring)

@: no status effects
A: horns 2, retaliatory headbutt, wild magic 1, devolution 1
a: no special abilities


You escaped.
You visited 1 branch of the dungeon, and saw 2 of its levels.

You collected 38 gold pieces.

Inventory:

Hand Weapons
 a - a +0 long sword (weapon)
Armour
 b - a +0 scale mail (worn)
 c - a +0 buckler (worn)
Scrolls
 f - a scroll of identify {unknown}
 h - a scroll of brand weapon {unknown}
 i - a scroll of amnesia {unknown}
 j - a scroll of torment {unknown}
Potions
 d - a potion of might


   Skills:
 + Level 4.1 Fighting
 + Level 2.6 Long Blades
 + Level 4.1 Armour
 + Level 3.9 Shields


You had one spell level left.
You didn't know any spells.
Your spell library was empty.

Dungeon Overview and Level Annotations

Branches:
Dungeon (2/15)

Altars:

Annotations:
D:2 Sigmund


Innate Abilities, Weirdness & Mutations

You have a pair of horns on your head.
You reflexively headbutt those who attack you in melee.
Your spells are a little harder to cast, but a little more powerful.
You have hidden genetic defects.


Message History

* * * LOW HITPOINT WARNING * * *
You feel sick.
The adder barely misses you. x2; You furiously retaliate!
You headbutt the adder!
You kill the adder!
It was a potion of mutation.
You feel extremely strange.
You feel a hidden malignance growing inside you.
You feel clever.
You feel stupid.
You feel less in control of your magic.
* * * LOW HITPOINT WARNING * * *
You feel sick.
It was a potion of magic.
Magic courses through your body.
* * * LOW HITPOINT WARNING * * *
You feel sick. You block the giant cockroach's attack.
It was a potion of curing.
You feel better.
The giant cockroach bites you but does no damage.
The giant cockroach misses you. You furiously retaliate!
You headbutt the giant cockroach!
You kill the giant cockroach!
Things that are here:
a giant cockroach corpse; an adder corpse
There is a stone staircase leading down here.
There is a stone staircase leading down here.
You start resting.
You start to feel less resistant.
You start resting.
Your resistance to elements expires.
You start resting.
HP restored.
You start waiting.
Done waiting.
You start waiting.
Done waiting.
(D) Dungeon
Where to? (Enter - D:12, ? - help)
What level of the Dungeon? (default 1, ? - help)
You see here an adder skeleton.
There is an open door here.
There is an open door here.
There is a staircase leading out of the dungeon here.
Are you sure you want to leave the Dungeon?
This will make you lose the game!
You have escaped!

##...########..#
##.###.. #.....#
##.# #.## ##.
####...## #.# #.# #.
.####..# ###.###
#.## ##. .......#
##≈#.#≈## ##.###..
#####.## ##≈♣....≈##
##...## #.#
#≈♣8♣..8.≈# #####
#.# #≈♣....≈##
#####.# ##≈P.@.P≈##
...##.#
###≈P8P≈P8P≈#
##.##.#
##.##≈P≈≈≈P≈##
#.##.###.####≈#.#≈##
##.##.##.## ###.###
........## ##....#
### ##.#...#.##
##.###.# ##.##
#......#.###.####.#
##.#.###
##.#...###.#.## #..#
#.#.....


There were no monsters in sight!

Vanquished Creatures
  An adder (D:1)
  2 bats (D:1)
  2 endoplasms (D:1)
  2 giant cockroaches (D:1)
  A hobgoblin (D:1)
  A quokka (D:1)
  2 ball pythons (D:1)
  2 kobolds
  2 rats
15 creatures vanquished.

Vanquished Creatures (others)
  4 toadstools (D:1)
4 creatures vanquished.

Grand Total: 19 creatures vanquished

Notes
Turn   | Place    | Note
-------+----------+-------------------------------------------
     0 | D:1      | Peloso the Minotaur Fighter began the quest for the Orb.
     0 | D:1      | Reached XP level 1. HP: 19/19 MP: 0/0
   414 | D:1      | Reached XP level 2. HP: 27/27 MP: 1/1
   531 | D:1      | Found a faded altar of an unknown god.
   876 | D:2      | Noticed Sigmund
   897 | D:1      | Gained mutation: You have hidden genetic defects. [potion
                  | of mutation]
   897 | D:1      | Gained mutation: Your mind is acute. (Int +2) [potion of
                  | mutation]
   897 | D:1      | Lost mutation: Your mind is acute. (Int +2) [potion of
                  | mutation]
   897 | D:1      | Gained mutation: Your spells are a little harder to cast,
                  | but a little more powerful. [potion of mutation]
  1279 | D:$      | Got out of the dungeon alive.

Illustrated notes

Levels and vault maps discovered:
D:1:      ldierk_walled_garden_2, layout_loops_corners,
          nicolae_ecumenical_lake_church
D:2:      layout_basic, minivault_25, minmay_vboxes, uniq_sigmund

Skill      XL: |  1  2 |
---------------+-------+-----
Fighting       | 4 |  4.1
Armour         | 4 |  4.1
Long Blades    | |  2.6
Shields        | |  3.9

Action                   || total
-------------------------++-------
Melee: Long sword        ||    22
       Headbutt          ||     3
  Use: Potion            ||     4
Armor: Scale mail        ||    20
Dodge: Dodged            ||    27
Block: Buckler           ||     9
